 Dungeon Crawl Stone Soup version 0.25-a0-589-g1e14c549ee (webtiles) character file.

Game seed: 2596917978478436863, levelgen mode: deterministic

40 Devinter the Sneak (level 3, -1/24 HPs)
             Began as a Halfling Assassin on Mar 13, 2020.
             Killed from afar by a dart slug (5 damage)
             ... with a slug dart
             ... on level 2 of the Dungeon.
             The game lasted 00:05:02 (1063 turns).

Devinter the Sneak (Halfling Assassin)              Turns: 1063, Time: 00:05:02

Health: -1/24      AC:  3    Str: 12    XL:     3   Next: 72%
Magic:  3/3        EV: 14    Int:  9    God:
Gold:   60         SH:  5    Dex: 16    Spells: 2/2 levels left

rFire    . . .     SeeInvis .   a - +2 dagger
rCold    . . .     Gourm    .   o - +0 buckler
rNeg     . . .     Faith    .   b - +0 robe
rPois    .         Spirit   .   (no helmet)
rElec    .         Reflect  .   c - +0 cloak
rCorr    .         Harm     .   (no gloves)
MR       .....                  (no boots)
Stlth    +++.......             (no amulet)
HPRegen  0.08/turn              (no ring)
MPRegen  0.08/turn              (no ring)

@: no status effects
A: small, mutation resistance 1
a: no special abilities


You were on level 2 of the Dungeon.
You were not hungry.

You visited 1 branch of the dungeon, and saw 2 of its levels.

You collected 60 gold pieces.

Inventory:

Hand Weapons
 a - a +2 dagger (weapon)
 n - a +0 hunting sling
Missiles
 d - 8 poisoned darts (quivered)
 e - 2 curare-tipped darts
Armour
 b - a +0 robe (worn)
 c - a +0 cloak (worn)
 o - a +0 buckler (worn)
Scrolls
 i - a scroll of enchant armour {unknown}
 j - a scroll of enchant weapon {unknown}
Potions
 g - a potion of haste {unknown}
 h - a potion of degeneration {unknown}
 k - a potion of stabbing {unknown}
 l - a potion of lignification {unknown}
 m - 2 potions of curing {unknown}
Comestibles
 f - 3 rations


   Skills:
 - Level 2.0 Fighting
 * Level 3.4 Short Blades
 - Level 2.0 Throwing
 + Level 1.8 Dodging
 + Level 4.7 Stealth
 + Level 0.7 Shields


You had 2 spell levels left.
You didn't know any spells.
Your spell library was empty.

Dungeon Overview and Level Annotations

Branches:
Dungeon (2/15)

Altars:


Innate Abilities, Weirdness & Mutations

You are small and have problems with some larger weapons.
You are somewhat resistant to further mutation.


Message History

You hit the gnoll.
The gnoll is severely wounded.
The gnoll misses you.
You hit the gnoll.
You kill the gnoll!
The dart slug launches a dart at you. The slug dart hits you.
* * * LOW HITPOINT WARNING * * *
A jackal comes into view.
Things that are here:
a +0 flail; a gnoll corpse The jackal barks!
You hit the dart slug.
The dart slug is moderately wounded.
You hit the dart slug.
The dart slug is heavily wounded.
A jackal comes into view.
The dart slug launches a dart at you. The slug dart hits you.
You die...

#.# #.#
## #.#
..h #.#
....###.#
........#
...h..w.#
#@# #.#
#)# #.#
#.# #.#
#.# #.#
#.#


You could see a dart slug and 2 jackals.

Vanquished Creatures
  2 gnolls (D:2)
  2 giant cockroaches (D:1)
  3 goblins (D:1)
  4 hobgoblins (D:1)
  2 kobolds (D:1)
  2 bats (D:1)
  A frilled lizard (D:1)
  4 rats (D:1)
20 creatures vanquished.

Notes
Turn   | Place    | Note
-------+----------+-------------------------------------------
     0 | D:1      | Devinter the Halfling Assassin began the quest for the Orb.
     0 | D:1      | Reached XP level 1. HP: 14/14 MP: 1/1
   186 | D:1      | Reached XP level 2. HP: 12/19 MP: 2/2
   754 | D:1      | Reached skill level 2 in Fighting
   856 | D:1      | Reached skill level 3 in Short Blades
   925 | D:1      | Reached XP level 3. HP: 24/24 MP: 3/3
  1063 | D:2      | Killed from afar by a dart slug

Levels and vault maps discovered:
D:1:      dpeg_arrival_radiant, layout_basic, minmay_heptomino_o4
D:2:      layout_loops_ring

Skill      XL: |  1  2 |
---------------+-------+-----
Fighting       | 2 |  2.0
Short Blades   | 3 |  3.4
Throwing       | |  2.0
Dodging        | |  1.8
Stealth        | |  4.7
Shields        | |  0.7

Action                   || total
-------------------------++-------
Melee: Dagger            ||    68
 Stab: Sleeping          ||     4
       Distracted        ||     1
Armor: Robe              ||     7
Dodge: Dodged            ||    21
Block: Buckler           ||     4

Table legend:
 A = Non-vault XP
 B = Vault XP
 C = Vault XP percentage of total XP
 D = Non-vault monster count
 E = Vault monster count
 F = Vault count percentage of total count
                 A         B        C        D         E       F
            +---------+---------+-------+---------+---------+-------
      Total |      47 |      11 |  19.0 |      14 |       6 |  30.0
            +---------+---------+-------+---------+---------+-------
        D:1 |      18 |      11 |  37.9 |      12 |       6 |  33.3
        D:2 |      29 |       0 |   0.0 |       2 |       0 |   0.0
            +---------+---------+-------+---------+---------+-------
